 Dungeon Crawl Stone Soup version 0.31.0-11-ge490571c62 (webtiles) character file.

Game seed: 12318880994034524167

140 qw the Skirmisher (level 5, -2/29 HPs)
             Began as a Deep Elf Hunter on Feb 4, 2024.
             Slain by Sigmund
             ... wielding a +0 scythe
              (5 damage)
             ... on level 3 of the Dungeon.
             The game lasted 00:00:07 (1662 turns).

qw the Skirmisher (Deep Elf Hunter)                 Turns: 1662, Time: 00:00:08

Health: -2/29      AC:  9    Str: 10      XL:     5   Next: 2%
Magic:  7/7        EV: 10    Int: 13 (14) God:
Gold:   118        SH:  0    Dex: 15 (18) Spells: 4/4 levels left

rFire   . . .        f - +0 arbalest (drain)
rCold   . . .        (shield currently unavailable)
rNeg    . . .        d - +0 ring mail
rPois   .            m - +2 helmet
rElec   .            c - +0 cloak
rCorr   .            (no gloves)
SInv    .            (no boots)
Will    .....        (no amulet)
Stlth   +            (no ring)
HPRegen 0.24/turn    (no ring)
MPRegen 0.10/turn

%: no passive effects
@: no status effects
A: no striking features
a: no special abilities


You were on level 3 of the Dungeon.
You visited 1 branch of the dungeon, and saw 3 of its levels.

You collected 118 gold pieces.


   Skills:
 - Level 1.5 Fighting
 + Level 8.4 Ranged Weapons
 - Level 2.4 Dodging
 - Level 1.2 Stealth


You had 4 spell levels left.
You didn't know any spells.
Your spell library was empty.

Inventory:

Hand Weapons
 f - a +0 arbalest of draining (weapon)
Armour
 c - a +0 cloak (worn)
 d - a +0 ring mail (worn)
 i - a +0 pair of boots
 m - a +2 helmet (worn)
Jewellery
 l - an amulet of the acrobat
Wands
 k - a wand of charming (5)
Scrolls
 a - 2 scrolls of torment {unknown}
 e - a scroll of teleportation
Potions
 b - a potion of curing {unknown}
 g - a potion of attraction {unknown}
 h - a potion of resistance {unknown}
 j - a potion of magic {unknown}

Dungeon Overview and Level Annotations

Branches:
Dungeon (3/15)

Altars:
Makhleb

Annotations:
D:3 Sigmund


Message History

Deactivating autopickup; reactivate with Ctrl-A.
Terence hits you but does no damage.
You shoot a bolt. The bolt closely misses Terence.
Terence hits you but does no damage.
You shoot a bolt. The bolt closely misses Terence.
Terence barely misses you. Something hits you but does no damage.
Terence hits you with a +2 falchion of holy wrath.
You shoot a bolt. The bolt hits Terence.
Terence is almost dead.
Something hits you but does no damage. Terence barely misses you.
Something hits you but does no damage.
Terence hits you with a +2 falchion of holy wrath!
You shoot a bolt. The bolt hits Terence!
You kill Terence!
You hear some strange, mumbled words.
You are confused.
You feel your strength returning.
You feel your intelligence returning.
You have reached level 5!
You shoot a bolt. Something hits you but does no damage.
You shoot a bolt. Something hits you!
You shoot a bolt. Something hits you but does no damage.
You shoot a bolt.
You feel less confused. Something hits you but does no damage.
You shoot a bolt. Something hits you but does no damage.
You shoot a bolt. Something hits you but does no damage.
You shoot a bolt. Something hits you.
You shoot a bolt. Something completely misses you.
You shoot a bolt.
Something hits you but does no damage. x2
You shoot a bolt. Something hits you.
You die...

#......#.# #.####...##
...... # ##...## #.#
#..... ... #..### #.#..
#..# #....{####### #..#
......)@....#######..###
.##########).<..........
#########..... #.####
#.# #.#### #.%... ######


There were no monsters in sight!

Vanquished Creatures
  Terence (D:3)
  4 adders (D:2)
  3 dart slugs
  2 ribbon worms
  5 ball pythons
  5 bats
  5 endoplasms
  3 giant cockroaches
  8 goblins
  10 hobgoblins
  4 quokkas
  5 frilled lizards
  3 kobolds (D:1)
  7 rats
65 creatures vanquished.

Notes
Turn   | Place    | Note
-------+----------+-------------------------------------------
     0 | D:1      | qw the Deep Elf Hunter began the quest for the Orb.
     0 | D:1      | Reached XP level 1. HP: 12/12 MP: 3/3
     0 | D:1      | 0 ||| qw: Version: 0.3-a-160-g6735b56
     0 | D:1      | 0 ||| qw: Game counter: 4811
     0 | D:1      | 0 ||| qw: Melee chars always use a shield: true
     0 | D:1      | 0 ||| qw: God list: Okawaru
     0 | D:1      | 0 ||| qw: Allow faded altars: false
     0 | D:1      | 0 ||| qw: Do Orc after clearing Dungeon:15 true
     0 | D:1      | 0 ||| qw: Do second Lair branch before Depths: true
     0 | D:1      | 0 ||| qw: Lair rune preference: random
     0 | D:1      | 0 ||| qw: Goals: Normal
     0 | D:1      | 0 ||| PLANNING D:1-11
   100 | D:1      | Reached skill level 6 in Ranged Weapons
   100 | D:1      | Reached XP level 2. HP: 16/16 MP: 4/4
   105 | D:1      | Found a faded altar of an unknown god.
   409 | D:1      | Reached XP level 3. HP: 20/20 MP: 5/5
   587 | D:1      | 587 ||| UPGRADING to +0 ring mail.
   597 | D:1      | 597 ||| DROPPING +0 leather armour.
   598 | D:1      | 598 ||| UPGRADING to +1 hat.
   603 | D:1      | 603 ||| UPGRADING to +0 helmet.
   613 | D:1      | 613 ||| DROPPING +1 hat.
   614 | D:1      | 614 ||| READING 2 scrolls labelled SUMENUPTOY.
   618 | D:1      | 618 ||| READING scroll labelled KORGHASTRIRGH.
   619 | D:1      | 619 ||| READING scroll labelled LEBRARUSAPN.
   720 | D:1      | 720 ||| DROPPING scroll of butterflies.
   737 | D:2      | Reached skill level 7 in Ranged Weapons
   998 | D:2      | Reached XP level 4. HP: 23/25 MP: 6/6
  1270 | D:2      | 1270 ||| UPGRADING to +0 cloak.
  1275 | D:2      | 1275 ||| READING scroll labelled XYNUOWNUXT.
  1275 | D:2      | Identified a scroll of acquirement
  1275 | D:2      | 1275 ||| ACQUIRING +0 arbalest of draining
  1275 | D:2      | Acquired a +0 arbalest of draining
  1277 | D:2      | 1277 ||| SWAPPING to +0 arbalest of draining.
  1278 | D:2      | 1278 ||| DROPPING +0 shortbow.
  1279 | D:2      | 1279 ||| READING scroll labelled ECIDAN CIOTS.
  1280 | D:2      | 1280 ||| READING 2 scrolls labelled SONOTA TYIRESA.
  1280 | D:2      | 1280 ||| ENCHANTING +0 helmet.
  1281 | D:2      | 1281 ||| READING scroll of enchant armour.
  1281 | D:2      | 1281 ||| ENCHANTING +1 helmet.
  1282 | D:2      | 1282 ||| DRINKING 2 murky sapphire potions.
  1283 | D:2      | 1283 ||| DROPPING potion of degeneration.
  1415 | D:3      | Reached skill level 8 in Ranged Weapons
  1540 | D:3      | Found a burning altar of Makhleb.
  1644 | D:3      | Noticed Terence
  1646 | D:3      | Noticed Sigmund
  1652 | D:3      | Killed Terence
  1653 | D:3      | Reached XP level 5. HP: 9/29 MP: 7/7
  1654 | D:3      | HP: 3/29 [something (7)]
  1659 | D:3      | HP: 2/29 [something (3)]
  1662 | D:3      | Slain by Sigmund

Levels and vault maps discovered:
D:1:      lightli_arrival_boilingwater, layout_basic,
          ebering_ecumenical_altar_box
D:2:      layout_loops_cross
D:3:      layout_loops_ring, zin_angel, marbit_many_paths, uniq_sigmund,
          uniq_natasha, uniq_terence

Skill      XL: |  1  2  3  4 |
---------------+-------------+-----
Ranged Weapons | 6 7 8 |  8.4
Fighting       | |  1.5
Dodging        | |  2.4
Stealth        | |  1.2

Action                     |  1- 3 |  4- 6 || total
---------------------------+-------+-------++-------
   Fire: Shortbow          |    97 |    17 ||   114
         Arbalest          |       |    46 ||    46
    Use: Scroll            |     3 |     4 ||     7
         Potion            |       |     1 ||     1
 Armour: Leather armour    |     2 |       ||     2
         Ring mail         |     5 |    27 ||    32
  Dodge: Dodged            |    13 |    13 ||    26

Table legend:
 A = Non-vault XP
 B = Vault XP
 C = Vault XP percentage of total XP
 D = Non-vault monster count
 E = Vault monster count
 F = Vault count percentage of total count
                 A         B        C        D         E       F
            +---------+---------+-------+---------+---------+-------
      Total |     161 |      40 |  19.9 |      63 |       2 |   3.1
            +---------+---------+-------+---------+---------+-------
        D:1 |      50 |       0 |   0.0 |      30 |       0 |   0.0
        D:2 |      82 |       0 |   0.0 |      19 |       0 |   0.0
        D:3 |      29 |      40 |  58.0 |      14 |       2 |  12.5
            +---------+---------+-------+---------+---------+-------
